 Dungeon Crawl Stone Soup version 0.15-a0-1403-g2cecdf4 (webtiles) character file.

219099 HungrySpirit the Slayer (level 18, -1/340 HPs)
             Began as an Ogre Abyssal Knight on June 10, 2014.
             Was the Champion of Lugonu.
             Drowned by a water elemental (4 damage)
             ... on Level 5 of the Shoals.
             The game lasted 02:06:00 (44694 turns).

HungrySpirit the Slayer (Ogre Abyssal Knight)      Turns: 44694, Time: 02:06:00

HP  -1/340       AC 21     Str 35      XL: 18   Next: 63%
MP  31/31        EV  8     Int 11      God: Lugonu [******]
Gold 1580        SH  2     Dex 13      Spells:  0 memorised, 17 levels left

rFire  + . .     SeeInvis +     N - +6,+5 giant spiked club (flame)
rCold  + . .     Clarity  +     D - +0 pearl dragon armour
rNeg   + . .     rCorr    .     (shield restricted)
rPois  +         rRot     .     G - +0 hat
rElec  .         Spirit   .     O - +2 cloak {rPois}
SustAb .         Warding  .     (gloves unavailable)
rMut   .         Stasis   .     (boots unavailable)
Gourm  .                        n - amulet "Twasiest" {+Rage rF+}
MR     +....                    X - ring of Turaon {rC+ Dex+4}
                                U - ring of see invisible

@: berserking, engulfed (cannot breathe), drained, very quick, somewhat
resistant to hostile enchantments, extremely unstealthy
A: unfitting armour, large bone plates 1, clarity, poison resistance, strong 1,
tough skin 1
a: Depart the Abyss, Bend Space, Banish, Corrupt, Enter the Abyss, Renounce
Religion, Evoke Berserk Rage
}: 2/15 runes: serpentine, barnacled


You were on level 5 of the Shoals.
You worshipped Lugonu.
Lugonu was exalted by your worship.
You were not hungry.

You visited 5 branches of the dungeon, and saw 37 of its levels.
You visited the Abyss 2 times.
You also visited: Labyrinth, Sewer and Ice Cave.

You collected 3430 gold pieces.
You spent 1850 gold pieces at shops.

Inventory:

Hand weapons
 N - a +6,+5 giant spiked club of flaming (weapon)
Missiles
 r - 59 stones (quivered)
Armour
 D - a +0 pearl dragon armour (worn)
 G - a +0 hat (worn)
 O - a +2 cloak of poison resistance (worn)
Magical devices
 q - a wand of digging (7)
 t - a wand of draining (5)
 C - a wand of teleportation (3)
 I - a wand of disintegration (15)
Comestibles
 c - 14 meat rations
 l - 15 bread rations
 A - a royal jelly
Scrolls
 e - 7 scrolls of teleportation
 g - 10 scrolls of remove curse
 j - a scroll of magic mapping
 p - 2 scrolls of immolation
 u - 9 scrolls of identify
 x - 8 scrolls of enchant armour
 y - 5 scrolls of fog
 H - 3 scrolls of summoning
 J - 3 scrolls of brand weapon
 M - a scroll of holy word
 S - 2 scrolls of fear
 Z - 6 scrolls of blinking
Jewellery
 a - an uncursed amulet of guardian spirit
 b - an uncursed ring of fire
 f - an uncursed ring of teleportation
 n - the amulet "Twasiest" (around neck) {+Rage rF+}
   (You found it on level 6 of the Dungeon)

   [amulet of rage]

   It protects you from fire.
   It lets you go berserk.
 K - the ring of Twaggoobu {SustAb rPois rN+}
   (You bought it in a shop on level 2 of the Orcish Mines)

   [ring of sustain abilities]

   It sustains your strength, intelligence and dexterity.
   It protects you from poison.
   It protects you from negative energy.
 R - a +3 ring of protection
 U - a ring of see invisible (left hand)
 V - an uncursed ring of protection from fire
 X - the ring of Turaon (right hand) {rC+ Dex+4}
   (You bought it in a shop on level 2 of the Orcish Mines)

   [ring of protection from cold]

   It affects your dexterity (+4).
   It protects you from cold.
Potions
 h - 2 potions of cure mutation
 i - a potion of agility
 k - 16 potions of curing
 o - 2 potions of resistance
 s - 4 potions of brilliance
 v - 5 potions of restore abilities
 w - 6 potions of magic
 B - 7 potions of heal wounds
 F - 2 potions of mutation
 L - 4 potions of flight
 Q - 2 potions of haste
 T - 2 potions of invisibility
 W - 2 potions of berserk rage
Miscellaneous
 P - a legendary deck of changes {the Potion, drawn: 6}


   Skills:
 + Level 24.6(23.4) Fighting
 * Level 23.3(22.2) Maces & Flails
 + Level 11.3(10.4) Armour
 - Level 2.1(1.5) Dodging
 - Level 10.5(9.6) Invocations


You had 17 spell levels left.
You didn't know any spells.

Dungeon Overview and Level Annotations

Branches:
Dungeon (15/15)            Temple (0/1) D:7             Orc (4/4) D:9
    Elf (0/3) Orc:3          Lair (8/8) D:9          Shoals (5/5) Lair:6
  Snake (5/5) Lair:4       Spider (0/5) Lair:6        Slime (0/6) Lair:6
 Vaults (0/5) D:13         Depths (0/5) D:15

Altars:
Ashenzari
Cheibriados
Dithmenos
Elyvilon
Fedhas
Gozag
Kikubaaqudgha
Makhleb
Okawaru
Qazlal
Trog
Yredelemnul

Shops:
D:11 ?   Orc:2 =   Orc:4 *[(:   Snake:1 ?   Snake:2 }

Annotations:
D:2 exclusion: downstairs
D:3 exclusion: 2 downstairs, haldagan's ghost, average NaAs
D:12 1 exclusion
Abyss:1 Dowan; Maud; Pikel; Prince Ribbit


Innate Abilities, Weirdness & Mutations

You are too large for most types of armour.
You have tough skin (AC +1).
You are partially covered in large bone plates (AC +2, SH +2).
You possess an exceptional clarity of mind.
Your system is resistant to poisons.
Your muscles are strong. (Str +2)


Message History

The merfolk is heavily wounded.
* * * LOW HITPOINT WARNING * * *
Your lungs strain for air!
Unknown command.
Unknown command.
Unknown command.
You closely miss the merfolk.
The merfolk is heavily wounded.
* * * LOW HITPOINT WARNING * * *
Your lungs strain for air!
The water elemental hits you.
The merfolk hits you with a demon trident of draining.
* * * LOW HITPOINT WARNING * * *
You partially resist.
You feel drained.
* * * LOW HITPOINT WARNING * * *
Unknown command.
Unknown command.
You hit the merfolk. You burn the merfolk.
The merfolk is severely wounded.
You die...

≈≈≈≈≈≈≈≈≈≈.........≈PPPP≈#≈≈≈
≈≈≈≈≈≈≈≈≈≈.........#####PP.≈≈
≈≈≈≈≈≈≈≈≈≈≈.≈≈<...##...##..P≈
≈≈≈≈≈≈≈≈≈≈#####....#.....####.
≈≈≈≈≈≈≈≈≈##...##...'"....# .
≈≈≈≈≈≈≈≈≈#.....#...#.....#
≈≈≈≈≈≈≈≈≈#..|..#...##...##
≈≈≈≈≈≈≈≈≈#.....#...≈#####
≈≈≈≈≈≈≈≈≈##%E@##..≈≈≈≈≈≈≈
≈≈≈≈≈≈≈≈≈≈##m##≈≈≈≈≈≈≈≈≈≈
≈≈≈≈≈≈≈≈≈≈≈≈≈≈≈≈≈≈≈≈≈≈≈≈
≈≈≈≈≈≈≈≈≈≈≈≈≈≈≈≈≈≈≈≈≈≈≈
≈≈≈≈≈≈≈≈≈≈≈≈≈≈≈≈≈≈≈≈≈≈≈
≈≈≈≈≈≈≈≈≈≈≈≈≈≈≈≈≈≈≈≈≈
≈≈≈≈≈≈≈≈≈≈≈≈≈≈≈≈≈≈≈
≈≈≈≈≈≈≈≈≈≈≈≈≈≈≈≈≈
≈≈≈≈≈≈≈≈≈≈≈≈≈≈≈


You could see a merfolk and a water elemental.

Vanquished Creatures
  Nikola (Shoals:3)
  4 greater nagas
  An orc warlord (Orc:4)
  Aizul (Snake:4)
  Louise (D:15)
  A dire elephant (D:15)
  Azrael (D:15)
  Gastronok (Lair:1)
  A merfolk javelineer (Shoals:5)
  A minotaur (Lab)
  2 sirens
  Josephine (D:10)
  3 merfolk impalers
  A rakshasa (D:14)
  Fannar (Orc:3)
  9 naga warriors
  Nessos (D:14)
  9 hydras
  Erica (Lair:7)
  7 anacondas
  2 tengu warriors (D:15)
  An ogre mage (D:15)
  3 death yaks (Lair:5)
  9 naga sharpshooters
  A catoblepas (Lair:8)
  8 shock serpents
  4 salamander mystics
  4 centaur warriors
  4 hill giants
  A death drake (shapeshifter) (D:13)
  4 unseen horrors
  5 naga ritualists
  A large abomination (Snake:5)
  5 sea snakes
  10 mana vipers
  16 harpies
  3 wizards
  5 water nymphs
  6 orc knights
  4 orc sorcerers (Orc:4)
  2 wolf spiders
  11 salamanders
  5 cyclopes
  7 manticores
  33 black mambas
  9 griffons
  Erolcha (D:9)
  10 fauns
  5 mermaids
  2 feature mimics
  Maurice (Orc:4)
  18 naga magi
  4 guardian serpents
  3 elephants (Lair:5)
  2 gargoyles
  Joseph (D:9)
  2 kobold demonologists (D:15)
  22 merfolk
  5 fire drakes
  7 komodo dragons
  2 giant leeches (Lair:8)
  3 wind drakes
  4 centaur skeletons
  Sonja (Orc:4)
  30 spiny frogs
  10 slime creatures
  2 two-headed ogres (D:15)
  A blue devil (D:15)
  6 trolls
  A griffon zombie (D:15)
  A raven (D:15)
  4 snapping turtles
  4 basilisks
  20 blink frogs
  A trapdoor spider (D:12)
  4 shadows
  3 water elementals
  9 polar bears
  Eustachio (D:4)
  17 ugly things
  2 deep elf magi
  2 fire elementals (D:15)
  Grum (Orc:3)
  4 wyverns
  A human (D:9)
  A mottled dragon (D:15)
  58 yaks
  12 hippogriffs
  3 wargs
  34 nagas
  A hungry ghost (D:11)
  Edmund (D:4)
  6 vampire mosquitoes (Lair:8)
  19 wolves
  22 water moccasins
  28 orc warriors
  20 sharks
  6 phantoms
  8 ice beasts
  13 porcupines
  2 yellow wasps (D:10)
  4 hell hounds (D:15)
  3 big kobolds
  8 ogres
  2 boring beetles
  A queen bee (Lair:1)
  Sigmund (D:3)
  14 crocodiles
  38 giant frogs
  2 komodo dragon zombies
  2 hogs (D:9)
  3 sky beasts
  A black bear (D:9)
  Duvessa (D:9)
  A wyvern zombie (D:10)
  A cyclops zombie (D:12)
  9 insubstantial wisps (D:12)
  2 eyes of draining
  16 centaurs
  A hippogriff skeleton (D:11)
  2 troll skeletons
  A wight (D:13)
  32 killer bees
  10 crimson imps
  6 electric eels
  A centaur zombie (D:6)
  A yellow wasp zombie (D:6)
  18 orc priests
  9 hounds
  10 jellies
  3 gnoll shamans (D:6)
  A black bear skeleton (D:5)
  11 big fish
  23 orc wizards
  7 iguanas
  An iron imp (D:15)
  13 worker ants
  Natasha (thrice) (D:3)
  An elf skeleton (D:13)
  4 scorpions
  A sky beast zombie (D:6)
  29 sheep
  Jessica (D:3)
  2 brain worm zombies (D:13)
  2 goliath beetles
  An ogre skeleton (D:6)
  An elf simulacrum (D:10)
  A hound zombie (D:5)
  A hound skeleton (D:11)
  42 gnolls
  23 adders
  45 green rats
  2 giant mites (D:5)
  10 shadow imps
  A sky beast simulacrum (D:10)
  3 worms
  2 ufetubi
  A white imp (D:15)
  An iguana zombie (D:10)
  2 adder skeletons
  A giant eyeball (D:13)
  An iguana skeleton (D:6)
  6 giant geckos
  133 orcs
  13 bats
  2 bat skeletons
  2 bat zombies (D:6)
  10 giant cockroaches
  18 goblins
  18 hobgoblins
  35 jackals
  25 kobolds
  2 oozes
  5 giant newts
  2 giant spores
  2 hobgoblin zombies
  An orc zombie (D:6)
  9 quokkas
  A quokka zombie (D:6)
  41 rats
  A rat zombie (D:5)
  4 ballistomycetes
  6 fungi
  2 plants
1440 creatures vanquished.

Vanquished Creatures (others)
  A tentacled starspawn (Shoals:5)
  Ilsuiw (Shoals:5)
  5 greater nagas (Snake:5)
  An octopode crusher (Shoals:5)
  A merfolk javelineer (Shoals:5)
  2 merfolk impalers (Shoals:5)
  A green death (Snake:5)
  7 naga warriors (Snake:5)
  5 hydras
  5 merfolk aquamancers (Shoals:5)
  The ghost of Armakuni the Carver, an experienced HOMo of Okawaru (D:9)
  2 thrashing horrors (Snake:5)
  9 naga sharpshooters (Snake:5)
  A shock serpent (Snake:5)
  3 ball lightnings (D:12)
  An orb spider (Lair:6)
  4 large abominations
  3 naga ritualists (Snake:5)
  2 manticores (Shoals:5)
  2 guardian serpents (Snake:5)
  A smoke demon (Snake:5)
  2 mermaids (Shoals:5)
  An orange demon (Shoals:5)
  A spiny frog (Lair:8)
  7 naga magi (Snake:5)
  A komodo dragon (Lair:1)
  7 merfolk (Shoals:5)
  3 raiju (Snake:5)
  3 blink frogs (Lair:6)
  A flying skull (Shoals:5)
  A vampire mosquito (Lair:8)
  A ynoxinul (Snake:5)
  2 water elementals (Shoals:5)
  3 fire bats
  A golden eye (Snake:5)
  2 neqoxecs
  A wolf (Lair:1)
  12 nagas (Snake:5)
  9 small abominations
  An orc warrior (D:9)
  An ogre (D:5)
  A brain worm (Shoals:5)
  A wight (Shoals:5)
  A crimson imp (Snake:5)
  28 starcursed masses
  3 quasits (Snake:5)
  2 iron imps (Snake:5)
  A sheep (Lair:6)
  A gnoll (D:3)
  2 shadow imps (Snake:5)
  4 white imps
  23 ufetubi
  A jackal (D:4)
  A kobold (D:12)
  2 giant spores
  A ballistomycete (D:15)
  A bush (Lair:8)
  11 fungi
  11 plants
  4 starspawn tentacles (Shoals:5)
  97 starspawn tentacle segments (Shoals:5)
314 creatures vanquished.

Grand Total: 1754 creatures vanquished

Notes
Turn   | Place    | Note
--------------------------------------------------------------
     0 | Abyss:1  | HungrySpirit, the Ogre Abyssal Knight, began the quest for the Orb.
     0 | Abyss:1  | Reached XP level 1. HP: 24/24 MP: 1/1
    29 | D:1      | Escaped the Abyss
    97 | D:1      | Acquired Lugonu's first power
   214 | D:1      | Reached XP level 2. HP: 32/32 MP: 2/2
   872 | D:2      | Reached XP level 3. HP: 39/39 MP: 4/4
   935 | D:2      | Acquired Lugonu's second power
  1925 | D:2      | Found a burning altar of Makhleb.
  1926 | D:2      | Found a snail-covered altar of Cheibriados.
  1993 | D:2      | Reached XP level 4. HP: 38/48 MP: 5/5
  2082 | D:2      | Reached skill level 5 in Maces & Flails
  2115 | D:3      | Found a basalt altar of Yredelemnul.
  2145 | D:3      | Noticed haldagan's ghost (average NaAs)
  2960 | D:3      | Acquired Lugonu's third power
  3017 | D:3      | Reached skill level 6 in Maces & Flails
  3017 | D:3      | Reached XP level 5. HP: 16/54 MP: 7/7
  3288 | D:3      | Noticed Natasha
  3289 | D:3      | Noticed Jessica
  3318 | D:3      | Killed Natasha
  3486 | D:3      | Noticed Natasha
  3520 | D:3      | Killed Natasha
  3687 | D:3      | Reached skill level 7 in Maces & Flails
  3738 | D:3      | Noticed Natasha
  3740 | D:3      | Noticed Sigmund
  3741 | D:3      | Killed Natasha
  3749 | D:3      | Killed Sigmund
  3749 | D:3      | Reached skill level 8 in Maces & Flails
  3749 | D:3      | Reached XP level 6. HP: 42/62 MP: 8/8
  4001 | D:3      | Killed Jessica
  4059 | D:4      | Noticed Eustachio
  4131 | D:4      | Noticed Prince Ribbit
  4132 | D:4      | Banished Prince Ribbit
  4132 | D:4      | Reached XP level 7. HP: 60/70 MP: 8/11
  4197 | D:4      | Reached skill level 9 in Maces & Flails
  4237 | D:4      | Found a shattered altar of Ashenzari.
  4283 | D:4      | Killed Eustachio
  4748 | D:4      | Noticed Edmund
  4775 | D:4      | Killed Edmund
  4775 | D:4      | Reached skill level 10 in Maces & Flails
  4943 | D:4      | Found an iron altar of Okawaru.
  5047 | D:4      | Noticed Pikel
  5079 | D:4      | Banished Pikel
  5079 | D:4      | Reached skill level 5 in Invocations
  5079 | D:4      | Reached XP level 8. HP: 35/78 MP: 9/15
  5362 | D:4      | Found a white marble altar of Elyvilon.
  5501 | D:5      | Entered Level 5 of the Dungeon
  5512 | D:5      | Reached skill level 11 in Maces & Flails
  5961 | D:5      | Found a glowing drain.
  5983 | Sewer    | Entered a sewer
  6074 | Sewer    | Acquired Lugonu's fourth power
  6148 | Sewer    | Gained mutation: Your muscles are strong. (Str +2) [potion of mutation]
  6148 | Sewer    | Gained mutation: Your system is resistant to poisons. [potion of mutation]
  6148 | Sewer    | Gained mutation: You are partially covered in large bone plates (AC +2, SH +2). [potion of mutation]
  6579 | D:6      | Reached skill level 5 in Fighting
  6792 | D:6      | Got a slimy pewter amulet
  6793 | D:6      | Identified the amulet "Twasiest" {+Rage rF+} (You found it on level 6 of the Dungeon)
  6923 | D:6      | Reached skill level 12 in Maces & Flails
  7144 | D:6      | Reached XP level 9. HP: 43/89 MP: 17/17
  7472 | D:6      | Acquired Lugonu's fifth power
  8258 | D:6      | Reached skill level 13 in Maces & Flails
  8861 | D:7      | Found a staircase to the Ecumenical Temple.
  9255 | D:7      | Reached skill level 14 in Maces & Flails
  9753 | D:8      | Found an ancient bone altar of Kikubaaqudgha.
 10413 | D:8      | Got an ancient trident
 10414 | D:8      | Identified the cursed +1,+2 trident of Grandeur {pierce, Noisy rElec rF+ rC+ SInv} (You found it on level 8 of the Dungeon)
 10772 | D:9      | Noticed Armakuni's ghost (experienced HOMo)
 10776 | D:9      | Banished Armakuni's ghost
 10776 | D:9      | Reached XP level 10. HP: 103/105 MP: 13/18
 10784 | D:9      | Reached skill level 15 in Maces & Flails
 11054 | D:9      | Noticed Joseph
 11098 | D:9      | Killed Joseph
 11145 | D:9      | Noticed Erolcha
 11176 | D:9      | Killed Erolcha
 11208 | D:9      | Found a staircase to the Lair.
 11209 | D:9      | Noticed a fire drake
 11221 | D:9      | Killed a fire drake
 11221 | D:9      | Reached skill level 16 in Maces & Flails
 11269 | D:9      | Noticed Duvessa
 11279 | D:9      | Noticed Dowan
 11290 | D:9      | Killed Duvessa
 11304 | D:9      | Banished Dowan
 11413 | D:9      | Found a staircase to the Orcish Mines.
 11593 | Lair:1   | Entered Level 1 of the Lair of Beasts
 11844 | Lair:1   | Noticed Gastronok
 11870 | Lair:1   | Killed Gastronok
 11870 | Lair:1   | Reached skill level 10 in Fighting
 11878 | Lair:1   | Reached XP level 11. HP: 109/119 MP: 13/19
 11937 | Lair:1   | Reached skill level 17 in Maces & Flails
 13386 | Lair:2   | Reached skill level 18 in Maces & Flails
 15128 | Lair:3   | Noticed a five-headed hydra
 15136 | Lair:3   | Banished a five-headed hydra
 15176 | Lair:3   | Found a frozen archway.
 15193 | IceCv    | Entered an ice cave
 15344 | IceCv    | Reached skill level 19 in Maces & Flails
 15344 | IceCv    | Reached XP level 12. HP: 124/133 MP: 20/20
 15862 | IceCv    | Noticed an ice statue
 16092 | Lair:3   | Reached skill level 20 in Maces & Flails
 16738 | Lair:4   | Noticed a four-headed hydra
 16741 | Lair:4   | Banished a four-headed hydra
 16791 | Lair:4   | Noticed Maud
 16803 | Lair:4   | Banished Maud
 16827 | Lair:4   | Found a staircase to the Snake Pit.
 17473 | Lair:4   | Reached XP level 13. HP: 138/146 MP: 21/21
 17475 | Lair:4   | Reached skill level 21 in Maces & Flails
 19315 | Lair:6   | Found a staircase to the Slime Pits.
 19943 | Lair:6   | Found a staircase to the Shoals.
 20029 | Lair:6   | Found a hole to the Spider Nest.
 20291 | Lair:6   | Reached skill level 22 in Maces & Flails
 20524 | Lair:7   | Noticed Erica
 20543 | Lair:7   | Killed Erica
 20543 | Lair:7   | Reached skill level 15 in Fighting
 20996 | Lair:7   | Reached XP level 14. HP: 129/159 MP: 25/25
 21350 | Lair:8   | Entered Level 8 of the Lair of Beasts
 21651 | Lair:8   | Reached skill level 1 in Armour
 22911 | Lair:8   | Upgraded the game from 0.15-a0-1387-gd422dff to 0.15-a0-1403-g2cecdf4
 23079 | Lair:8   | Found a stormy altar of Qazlal.
 23700 | Orc:1    | Entered Level 1 of the Orcish Mines
 24167 | Orc:2    | Found Prunwale's Jewellery Shoppe.
 24712 | Orc:1    | Found a bloodstained altar of Trog.
 24913 | Orc:3    | Found a staircase to the Elven Halls.
 24913 | Orc:3    | Noticed Fannar
 24920 | Orc:3    | Killed Fannar
 25154 | Orc:4    | Entered Level 4 of the Orcish Mines
 25154 | Orc:4    | Found Pluugutzu's Antique Armour Shop.
 25160 | Orc:4    | Noticed an orc warlord
 25273 | Orc:4    | Found Grihugia's Antique Weapon Boutique.
 25437 | Orc:4    | Reached XP level 15. HP: 161/174 MP: 28/28
 25451 | Orc:4    | Found Verucigo's General Store.
 25467 | Orc:4    | Reached skill level 10 in Invocations
 25504 | Orc:4    | Noticed Sonja
 25520 | Orc:4    | Cast into the Abyss (Sonja)
 25521 | Orc:4    | Escaped the Abyss
 25930 | Orc:4    | Noticed Maurice
 25945 | Orc:4    | Killed Maurice
 26042 | Orc:4    | Found Mufex's Book Shop.
 26246 | Orc:3    | Noticed Grum
 26265 | Orc:3    | Killed Grum
 26537 | Orc:4    | Reached skill level 5 in Armour
 26550 | Orc:4    | Killed an orc warlord
 26569 | Orc:4    | Killed Sonja
 26656 | Orc:4    | Bought 2 potions of heal wounds for 72 gold pieces
 26713 | Orc:4    | Found a bloodstained altar of Trog.
 26759 | Orc:4    | Paralysed by an orc sorcerer for 6 turns
 27046 | Orc:2    | Bought the ring of Twaggoobu {SustAb rPois rN+} for 460 gold pieces
 27047 | Orc:2    | Bought the ring of Turaon {rC+ Dex+4} for 565 gold pieces
 27116 | D:10     | Entered Level 10 of the Dungeon
 27129 | D:10     | Noticed Josephine
 27139 | D:10     | Killed Josephine
 27144 | D:10     | Found a blossoming altar of Fedhas.
 27654 | D:11     | Found Xukolit's Magic Scroll Emporium.
 27674 | D:11     | Bought a scroll of blinking for 75 gold pieces
 27674 | D:11     | Bought a scroll of blinking for 75 gold pieces
 27674 | D:11     | Bought a scroll of enchant weapon II for 55 gold pieces
 27674 | D:11     | Bought 3 scrolls of identify for 60 gold pieces
 27674 | D:11     | Bought a scroll of vulnerability for 75 gold pieces
 27688 | D:11     | Bought a scroll of magic mapping for 35 gold pieces
 27879 | D:11     | Found an opulent altar of Gozag.
 29309 | D:13     | Paralysed by a giant eyeball for 4 turns
 30059 | D:13     | Found a gate to the Vaults.
 30508 | D:14     | Noticed Nessos
 30524 | D:14     | Killed Nessos
 30524 | D:14     | Reached XP level 16. HP: 159/192 MP: 29/29
 30888 | D:14     | Found a shadowy altar of Dithmenos.
 31350 | D:15     | Entered Level 15 of the Dungeon
 31424 | D:15     | Found a labyrinth entrance.
 31439 | Lab      | Entered a labyrinth
 32507 | D:15     | Noticed Louise
 32543 | D:15     | Killed Louise
 32945 | D:15     | Noticed Azrael
 32960 | D:15     | Killed Azrael
 33515 | D:15     | Found a staircase to the Depths.
 34130 | Snake:1  | Entered Level 1 of the Snake Pit
 34268 | Snake:1  | Found a shadowy altar of Dithmenos.
 34882 | Snake:1  | Found Muduing's Magic Scroll Emporium.
 34893 | Snake:1  | Bought a scroll of enchant weapon I for 56 gold pieces
 34893 | Snake:1  | Bought a scroll of enchant weapon I for 56 gold pieces
 35312 | Snake:2  | Found Gureosseupp's Gadget Emporium.
 35315 | Snake:2  | Bought a plain deck of wonders for 266 gold pieces
 35731 | Snake:2  | Reached XP level 17. HP: 171/208 MP: 30/30
 37121 | Snake:4  | Noticed Aizul
 37949 | Snake:4  | Identified a scroll of acquirement
 38396 | Snake:4  | Killed Aizul
 38904 | Snake:4  | Reached skill level 23 in Fighting
 39151 | Snake:4  | Gained mutation: You possess an exceptional clarity of mind. [potion of beneficial mutation]
 39160 | Snake:5  | Entered Level 5 of the Snake Pit
 39393 | Snake:5  | Reached skill level 10 in Armour
 41328 | Snake:5  | Corrupted Snake:5
 41366 | Snake:5  | Noticed a bone dragon
 41418 | Snake:5  | Got a serpentine rune of Zot
 41435 | Snake:5  | Reached skill level 24 in Fighting
 41671 | Snake:5  | Reached XP level 18. HP: 205/224 MP: 24/31
 41985 | Shoals:1 | Entered Level 1 of the Shoals
 42549 | Shoals:3 | Noticed Nikola
 42566 | Shoals:3 | Killed Nikola
 43358 | Shoals:5 | Entered Level 5 of the Shoals
 44106 | Shoals:5 | Corrupted Shoals:5
 44118 | Shoals:5 | Noticed Ilsuiw
 44121 | Shoals:5 | Killed Ilsuiw
 44218 | Shoals:5 | Got a barnacled rune of Zot
 44402 | Shoals:5 | Got a flickering golden amulet
 44410 | Shoals:5 | Identified the amulet "Khest" {Clar Dex+3} (You found it on level 5 of the Shoals)
 44691 | Shoals:5 | HP: 15/340 [merfolk/demon trident of draining (4)]
 44693 | Shoals:5 | HP: 4/340 [merfolk/demon trident of draining (6)]
 44694 | Shoals:5 | Drowned by a water elemental

Action                   |  1- 3 |  4- 6 |  7- 9 | 10-12 | 13-15 | 16-18 || total
-------------------------+-------+-------+-------+-------+-------+-------++-------
Melee: Mace              |   124 |    94 |    70 |       |       |       ||   288
       Hand axe          |     8 |    15 |       |       |       |       ||    23
       Flail             |       |       |   548 |   583 |       |       ||  1131
       Giant spiked club |       |       |       |   187 |  1340 |   982 ||  2509
 Fire: Sling             |    35 |     9 |       |       |       |       ||    44
Invok: Depart the Abyss  |     1 |       |       |       |     1 |       ||     2
       Banish            |       |     1 |     5 |    14 |    10 |       ||    30
       Corrupt           |       |       |       |       |       |     2 ||     2
Evoke: Wand              |       |       |     5 |     4 |     4 |     7 ||    20
       Deck              |       |       |       |       |     6 |     8 ||    14
  Use: Scroll            |     2 |    11 |     6 |     5 |    28 |    18 ||    70
       Potion            |       |       |     4 |     3 |     5 |     4 ||    16
 Stab: Paralysed         |       |       |     2 |       |       |       ||     2
       Invisible         |       |       |       |       |     4 |       ||     4
